 Dungeon Crawl Stone Soup version 0.19.5 (webtiles) character file.

699 Hasye the Digger (level 7, -3/36 HPs)
             Began as a Gargoyle Earth Elementalist on Apr 18, 2017.
             Slain by an iguana (8 damage)
             ... on level 4 of the Dungeon.
             The game lasted 00:25:03 (5104 turns).

Hasye the Digger (Gargoyle Earth Elementalist)      Turns: 5104, Time: 00:25:04

Health: -3/36      AC:  7    Str: 15    XL:     7   Next: 65%
Magic:  5/16       EV: 12    Int: 17    God:
Gold:   119        SH:  0    Dex: 10    Spells: 2 memorised, 14 levels left

rFire  . . .     SeeInvis .     o - +1 mace (crush)
rCold  + . .     Gourm    .     d - +1 robe
rNeg   + . .     Faith    .     (no shield)
rPois  ∞         Spirit   .     (no helmet)
rElec  +         Reflect  .     (no cloak)
rCorr  .         Harm     .     (no gloves)
MR     .....                    (no boots)
Stlth  ++........               l - amulet of magic regeneration
                                s - ring of protection from cold
                                n - +3 ring of strength

@: very slightly contaminated
A: negative energy resistance 1, electricity resistance, unbreathing,
petrification resistance, rot immunity, AC +4
a: no special abilities


You were on level 4 of the Dungeon.
You were not hungry.

You visited 1 branch of the dungeon, and saw 4 of its levels.

You collected 119 gold pieces.

Inventory:

Hand Weapons
 h - a +0 dagger
 o - a +1 mace of crushing (weapon)
Armour
 a - a +0 leather armour
 c - a +0 robe
 d - a +1 robe (worn)
Jewellery
 l - an amulet of magic regeneration (around neck)
 n - a +3 ring of strength (left hand)
 s - a ring of protection from cold (right hand)
 v - an uncursed amulet of rage
Wands
 y - a wand of slowing (21/48)
Scrolls
 b - a scroll of fear {unknown}
 f - a scroll of recharging {unknown}
 g - a scroll of random uselessness {unknown}
 i - 2 scrolls of identify
 j - 2 scrolls of noise
 q - a scroll of immolation {unknown}
 r - 4 scrolls of remove curse
 x - 2 scrolls of teleportation {unknown}
Potions
 k - 3 potions of degeneration {unknown}
 m - 2 potions of curing
 p - 2 potions of haste {unknown}
 t - 2 potions of might {unknown}
 u - a potion of heal wounds {unknown}
 w - a potion of lignification {unknown}
Books
 e - a book of Geomancy

   Spells                             Type                      Level
   a - Sandblast                      Earth                        1
   b - Passwall                       Transmutation/Earth          2
   c - Stone Arrow                    Conjuration/Earth            3
   d - Petrify                        Transmutation/Earth          4
   e - Lee's Rapid Deconstruction     Earth                        5
Comestibles
 z - a bread ration


   Skills:
 - Level 1.5 Dodging
 - Level 2.1 Stealth
 * Level 6.3 Spellcasting
   Level 0.7 Transmutations
 + Level 6.7 Earth Magic


You had 14 spell levels left.
You knew the following spells:

 Your Spells              Type           Power        Failure   Level  Hunger
a - Sandblast             Erth           ####..       1%          1    None
b - Stone Arrow           Conj/Erth      ###...       12%         3    ##.....


Dungeon Overview and Level Annotations

Branches:
Dungeon (4/15)
 Temple: D:4-7

Altars:
Trog
The Shining One


Innate Abilities, Weirdness & Mutations

You are resistant to torment.
Your stone body is resilient. (AC +4)
You are immune to poison.
You resist negative energy. (rN+)
You are resistant to electric shocks. (rElec)
You can survive without breathing.
You are immune to petrification.
You are immune to rotting.


Message History

You hit the iguana.
The iguana is heavily wounded.
The iguana closely misses you. The scorpion stings you.
* * * LOW HITPOINT WARNING * * *
You hit the iguana.
The iguana is almost dead.
The iguana bites you.
* * * LOW HITPOINT WARNING * * *
The scorpion closely misses you. The iguana misses you.
You feel better. The scorpion closely misses you. The iguana bites you!
* * * LOW HITPOINT WARNING * * *
You closely miss the iguana.
The iguana is almost dead.
The scorpion completely misses you.
The iguana hisses menacingly.
The iguana closely misses you. The scorpion barely misses you.
You hit the iguana but do no damage.
The iguana is almost dead.
The iguana bites you!
You die...

##..........## ##......#
##............###.......#
##..........<..##........#
#.................##.....#
#................###.....#
#...............## #.....#
#................# ##....#
#..............l.# ##...#
#..............s@# ###.#
#........)......## ##
#..............##
#......†......## ##
##).........### #..
...##......## ##...
########..## #..... ##.##
#...... ##.###.......


You could see a scorpion and an iguana.

Vanquished Creatures
  Grinder (D:3)
  An ogre (D:4)
  The ghost of Rozenbaumfricks the Skirmisher, a weakling DsFi (D:3)
  2 hounds (D:4)
  4 orc wizards
  Ijyb (D:2)
  A worker ant (D:4)
  An iguana (D:4)
  5 adders
  A worm (D:2)
  2 dart slugs
  19 orcs
  5 giant cockroaches
  5 goblins
  A hobgoblin (D:1)
  4 jackals (D:3)
  A quokka (D:2)
  A ball python (D:1)
  3 bats (D:2)
  4 frilled lizards
  A jackal skeleton (D:4)
  7 kobolds
  A leopard gecko skeleton (D:4)
  5 rats
77 creatures vanquished.

Notes
Turn   | Place    | Note
-------+----------+-------------------------------------------
     0 | D:1      | Hasye the Gargoyle Earth Elementalist began the quest for the Orb.
     0 | D:1      | Reached XP level 1. HP: 10/10 MP: 3/3
   931 | D:1      | Reached XP level 2. HP: 15/15 MP: 3/5
  1438 | D:2      | Reached XP level 3. HP: 19/19 MP: 1/7
  1736 | D:2      | Learned a level 3 spell: Stone Arrow
  2047 | D:2      | Noticed Ijyb
  2094 | D:2      | Killed Ijyb
  2094 | D:2      | Reached XP level 4. HP: 15/24 MP: 5/9
  3149 | D:3      | Noticed Rozenbaumfricks's ghost (weakling DsFi)
  3158 | D:3      | Killed Rozenbaumfricks's ghost
  3158 | D:3      | Reached skill level 5 in Earth Magic
  3158 | D:3      | Reached XP level 5. HP: 6/28 MP: 2/11
  3502 | D:3      | Noticed Grinder
  3506 | D:3      | Paralysed by Grinder for 5 turns
  3528 | D:3      | Paralysed by Grinder for 2 turns
  3541 | D:3      | Killed Grinder
  3541 | D:3      | Reached skill level 5 in Spellcasting
  3541 | D:3      | Reached XP level 6. HP: 32/32 MP: 2/13
  4164 | D:3      | Found a glowing golden altar of the Shining One.
  4164 | D:3      | Found a bloodstained altar of Trog.
  4263 | D:4      | Reached XP level 7. HP: 36/36 MP: 12/15
  5104 | D:4      | Slain by an iguana

Skill      XL: |  1  2  3  4  5  6  7 |
---------------+----------------------+-----
Earth Magic    | 4 5 6 |  6.7
Spellcasting   | 3 4 5 6 |  6.3
Dodging        | |  1.5
Stealth        | |  2.1
Transmutations | |  0.7

Action                   |  1- 3 |  4- 6 |  7- 9 || total
-------------------------+-------+-------+-------++-------
Melee: Unarmed           |    11 |       |       ||    11
       Dagger            |    18 |     6 |       ||    24
       Mace              |       |     2 |     6 ||     8
 Cast: Sandblast         |    48 |    62 |    37 ||   147
       Stone Arrow       |     2 |     2 |    10 ||    14
Evoke: Wand              |       |       |     1 ||     1
  Use: Scroll            |       |     1 |     5 ||     6
       Potion            |       |       |     1 ||     1
  Eat: Bread ration      |     1 |       |       ||     1
       Meat ration       |       |     2 |       ||     2
Armor: Robe              |    26 |     9 |     9 ||    44
Dodge: Dodged            |    31 |    16 |    26 ||    73
